 Dungeon Crawl Stone Soup version 0.28.0-53-g5a82cb258f (webtiles) character file.

Game seed: 17407756525111237483

26 Tirrikindir the Skirmisher (level 3, 0/26 HPs)
             Began as an Octopode Fighter on Aug 6, 2022.
             Slain by Sigmund
             ... wielding a +0 scythe
              (11 damage)
             ... on level 2 of the Dungeon.
             The game lasted 00:03:36 (1490 turns).

Tirrikindir the Skirmisher (Octopode Fighter)       Turns: 1490, Time: 00:03:37

Health: 0/26       AC:  1    Str: 15    XL:     3   Next: 8%
Magic:  3/3        EV: 13    Int: 10    God:
Gold:   0          SH:  4    Dex: 13    Spells: 2/2 levels left

rFire   . . .      SeeInvis .   a - +0 long sword
rCold   . . .      Faith    .   b - +0 buckler
rNeg    . . .      Spirit   .   (helmet restricted)
rPois   .          Reflect  .   (no amulet)
rElec   .          Harm     .   (no ring)
rCorr   .          Rampage  .   (no ring)
Will    .....                   (no ring)
Stlth   +++.......              (no ring)
HPRegen 0.08/turn               (no ring)
MPRegen 0.08/turn               (no ring)
                                (no ring)
                                (no ring)

@: mighty
A: almost no armour, amphibious, 8 rings, camouflage 1, gelatinous body 1,
(nimble swimmer 1), tentacles
a: no special abilities


You were on level 2 of the Dungeon.
You visited 1 branch of the dungeon, and saw 2 of its levels.

You collected 78 gold pieces.
You spent 78 gold pieces at shops.

Inventory:

Hand Weapons
 a - a +0 long sword (weapon)
Missiles
 e - 3 boomerangs (quivered)
Armour
 b - a +0 buckler (worn)
Scrolls
 i - 2 scrolls of fog
 j - a scroll of immolation
Potions
 d - a potion of cancellation {unknown}
 f - a potion of berserk rage {unknown}
 h - a potion of lignification {unknown}


   Skills:
 + Level 3.2 Fighting
 * Level 2.5 Long Blades
 + Level 3.2 Dodging
 + Level 1.3 Stealth
 + Level 3.1 Shields


You had 2 spell levels left.
You didn't know any spells.
Your spell library contained the following spells:

 Spells                   Type           Power      Damage    Failure   Level
 Animate Skeleton         Necr           0%         N/A       45%         1
 Apportation              Tloc           0%         N/A       45%         1
 Freeze                   Ice            0%         1d3       45%         1
 Summon Small Mammal      Summ           0%         N/A       45%         1
 Frozen Ramparts          Ice            0%         1d2       83%         3
 Hailstorm                Conj/Ice       0%         3d3       99%         4


Dungeon Overview and Level Annotations

Branches:
Dungeon (2/15)

Altars:

Shops:
D:1 !

Annotations:
D:2 Sigmund


Innate Abilities, Weirdness & Mutations

You cannot wear most types of armour.
You are amphibious.
You can wear up to eight rings at the same time.
Your skin changes colour to match your surroundings (Stealth+).
Your rubbery body absorbs attacks. (AC +1, EV +1)
((You are camouflaged when in or above water. (Stealth+)))
You have tentacles for arms and can constrict up to eight enemies at once.


Message History

The slug dart hits you.
You hit the dart slug.
The dart slug is heavily wounded.
You constrict the dart slug. The dart slug bites you.
You slash the dart slug!
You kill the dart slug!
Sigmund the Dreaded comes into view.
He is wielding a +0 scythe.
You see here a dart slug corpse.
You feel very mighty all of a sudden.
Sigmund shouts!
Sigmund casts a spell at you.
You are confused.
You bump into the rock wall.
Sigmund barely misses you.
You bump into the rock wall.
Okay, then.
Sigmund casts a spell.
Sigmund flickers and vanishes!
Deactivating autopickup; reactivate with Ctrl-A.
You miss something.
You feel less confused. Something hits you!
Ouch! That really hurt!
* * * LOW HITPOINT WARNING * * *
You feel much better. Something hits you!
You miss something. Your squeeze misses something.
You hear some strange, mumbled words.
You are confused.
You're too confused to move!
Something hits you!
Ouch! That really hurt!
* * * LOW HITPOINT WARNING * * *
You feel much better.
You're too confused to move!
Something hits you!
You bump into the rock wall.
Something barely misses you.
You completely miss something. Your squeeze misses something.
Something hits you.
You bump into the rock wall.
You feel less confused.
You miss something. Something barely misses you.
You closely miss something. Your squeeze misses something. Something hits you!
You die...

. #........#
#........# .#
#........# .#
########## .# .# .#
# .#
....################
.#
......{@...†.......#
.#
....##############.#
.# . #.# ># #.#
.###.# #.# ...#.#
#.# ...#.#### #.#
........# #.#
........# #.#


There were no monsters in sight!

Vanquished Creatures
  2 dart slugs (D:2)
  2 endoplasms (D:1)
  5 hobgoblins
  A jackal (D:1)
  A kobold (D:1)
  2 quokkas
  2 ball pythons (D:2)
  2 bats
  A frilled lizard (D:1)
  2 rats (D:1)
20 creatures vanquished.

Notes
Turn   | Place    | Note
-------+----------+-------------------------------------------
     0 | D:1      | Tirrikindir the Octopode Fighter began the quest for the
                  | Orb.
     0 | D:1      | Reached XP level 1. HP: 16/16 MP: 1/1
   339 | D:1      | Reached XP level 2. HP: 21/21 MP: 2/2
   354 | D:1      | You fall into a shaft and drop 1 floor!
   360 | D:2      | Reached skill level 1 in Stealth
   790 | D:1      | Found Piubass's Distillery.
   793 | D:1      | Bought a potion of degeneration for 13 gold pieces
  1251 | D:1      | Bought a potion of heal wounds for 65 gold pieces
  1374 | D:2      | Reached XP level 3. HP: 26/26 MP: 3/3
  1472 | D:2      | Noticed Sigmund
  1490 | D:2      | Slain by Sigmund

Illustrated notes

Levels and vault maps discovered:
D:1:      psy_arrival_heroes, layout_basic, serial_shops,
          nicolae_shop_behind_doors, minmay_tall_x
D:2:      layout_basic, uniq_jessica, uniq_sigmund

Skill      XL: |  1  2 |
---------------+-------+-----
Stealth        | 1 |  1.3
Fighting       | |  3.2
Long Blades    | |  2.5
Dodging        | |  3.2
Shields        | |  3.1

Action                   || total
-------------------------++-------
Melee: Long sword        ||    44
       Constrict         ||    10
       Tentacles         ||     4
       Punch             ||     1
  Use: Scroll            ||     4
       Potion            ||     3
 Stab: Sleeping          ||     4
Armor: Skin              ||     4
Dodge: Dodged            ||    31
Block: Buckler           ||     7
